 Dungeon Crawl Stone Soup version 0.28-a0-1382-g92835e5c71 (webtiles) character file.

Game seed: 9582472845878650901

21442 Conn the Arsonist (level 12, -1/72 HPs)
             Began as an Octopode Fire Elementalist on Jan 1, 2022.
             Was a High Priest of Sif Muna.
             Slain by a water elemental (14 damage)
             ... on level 11 of the Dungeon.
             The game lasted 00:56:48 (17980 turns).

Conn the Arsonist (Octopode Fire Elementalist)     Turns: 17980, Time: 00:56:48

Health: -1/72      AC:  3    Str:  8    XL:     12   Next: 90%
Magic:  25/35      EV: 12    Int: 22    God:    Sif Muna [*****.]
Gold:   455        SH: 13    Dex: 12    Spells: 5/32 levels left

rFire   + + .      SeeInvis .   b - +2 short sword (speed)
rCold   . . .      Faith    .   D - +4 kite shield
rNeg    + . .      Spirit   .   c - +2 hat {Will+}
rPois   .          Reflect  .   l - amulet of regeneration
rElec   .          Harm     .   j - ring of positive energy
rCorr   .          Rampage  .   v - ring of fire
Will    +....                   A - ring of flight
Stlth   ++++......              G - ring of protection from cold
HPRegen 1.02/turn               I - ring of protection from fire
MPRegen 0.24/turn               K - ring of wizardry
                                O - ring of magical power
                                h - ring of wizardry

@: flying
A: almost no armour, amphibious, 8 rings, camouflage 1, gelatinous body 1,
(nimble swimmer 1), tentacles
a: Renounce Religion, Channel Magic, Forget Spell, Divine Exegesis


You were on level 11 of the Dungeon.
You worshipped Sif Muna.
Sif Muna was extremely pleased with you.
You visited 2 branches of the dungeon, and saw 13 of its levels.
You also visited: Ossuary.

You collected 988 gold pieces.
You spent 533 gold pieces at shops.

Inventory:

Hand Weapons
 b - a +2 short sword of speed (weapon)
 e - a +0 dagger
 o - a +3 dagger
 p - a +4 spear
Missiles
 d - 73 poisoned darts
 y - 2 throwing nets
 P - a curare-tipped dart
Armour
 c - a +2 hat of willpower (worn)
 B - an orb of wrath
 D - a +4 kite shield (worn)
Magical Staves
 T - a staff of earth
Jewellery
 h - a ring of wizardry (on tentacle)
 j - a ring of positive energy (left tentacle)
 l - an amulet of regeneration (around mantle)
 v - a ring of fire (right tentacle)
 A - a ring of flight (on tentacle)
 G - a ring of protection from cold (on tentacle)
 I - a ring of protection from fire (on tentacle)
 K - a ring of wizardry (on tentacle)
 O - a ring of magical power (on tentacle)
Wands
 r - a wand of flame (6)
 z - a wand of paralysis (7)
 F - a wand of polymorph (8)
 N - a wand of iceblast (3)
 Q - a wand of charming (10)
Scrolls
 a - 3 scrolls of amnesia
 f - 3 scrolls of summoning
 g - 3 scrolls of teleportation
 k - a scroll of holy word
 t - 2 scrolls of magic mapping
 u - 2 scrolls of immolation
 x - a scroll of enchant weapon
 E - 2 scrolls of torment
 J - 3 scrolls of fear
 L - a scroll of vulnerability
 R - 2 scrolls of fog
 S - a scroll of blinking {unknown}
Potions
 i - 9 potions of curing
 m - 2 potions of ambrosia
 n - 7 potions of brilliance
 q - a potion of heal wounds
 s - 3 potions of might
 w - 3 potions of haste {unknown}
 C - 2 potions of cancellation {unknown}
 H - 2 potions of flight {unknown}
 M - a potion of attraction


   Skills:
 + Level 2.7 Fighting
 + Level 2.7 Short Blades
 + Level 2.3 Polearms
 + Level 3.4 Dodging
 + Level 6.0 Stealth
 * Level 5.0 Shields
 + Level 0.5 Unarmed Combat
 + Level 10.6 Spellcasting
 * Level 9.6 Conjurations
 + Level 2.1 Hexes
 + Level 4.4 Necromancy
 + Level 10.7 Fire Magic
 * Level 5.5 Invocations


You had 5 spell levels left.
You knew the following spells:

 Your Spells              Type           Power      Damage    Failure   Level
a - Foxfire               Conj/Fire      100%       2x1d9     1%          1
b - Conjure Flame         Conj/Fire      71%        6-21      1%          3
c - Inner Flame           Hex/Fire       56%        N/A       1%          3
d - Flame Wave            Conj/Fire      71%        2d11      1%          4
e - Scorch                Fire           100%       2d10      1%          2
f - Dispel Undead         Necr           31%        3d14      9%          4
g - Fireball              Conj/Fire      35%        3d15      2%          5
h - Iskenderun's Battles  Conj           52%        2d10      3%          5

Your spell library contained the following spells:

 Spells                   Type           Power      Damage    Failure   Level
 Animate Skeleton         Necr           62%        N/A       1%          1
 Corpse Rot               Necr/Air       42%        N/A       3%          2
 Apportation              Tloc           22%        N/A       5%          1
 Summon Small Mammal      Summ           44%        N/A       5%          1
 Ensorcelled Hibernation  Hex/Ice        32%        N/A       5%          2
 Confusing Touch          Hex            21%        N/A       7%          3
 Spider Form              Tmut/Pois      11%        N/A       16%         3
 Lightning Bolt           Conj/Air       16%        1d30      21%         5
 Leda's Liquefaction      Hex/Erth       8%         N/A       32%         4
 Airstrike                Air            5%         N/A       45%         4
 Summon Lightning Spire   Summ/Air       11%        N/A       45%         4
 Yara's Violent Unravell  Hex/Tmut       8%         3d5       63%         5
 Lee's Rapid Deconstruct  Erth           5%         3d7*      78%         5
 Orb of Destruction       Conj           26%        9d10      58%         7
 Conjure Ball Lightning   Conj/Air       16%        3x3d6     69%         6
 Death Channel            Necr           15%        N/A       75%         6
 Statue Form              Tmut/Erth      7%         N/A       99%         6
 Enfeeble                 Hex            10%        N/A       100%        7


Dungeon Overview and Level Annotations

Branches:
Dungeon (12/15)            Temple (1/1) D:6             Orc (0/2) D:12
Ossuary (visited)
   Lair: D:8-11

Altars:
Dithmenos
Elyvilon
Fedhas
Gozag
Hepliaklqana
Kikubaaqudgha
Makhleb
Nemelex Xobeh
Okawaru
Qazlal
Ru
Sif Muna
Trog
Vehumet
Wu Jian
Zin
The Shining One

Shops:
D:1 ?   D:8 ?=?   D:10 !


Innate Abilities, Weirdness & Mutations

You cannot wear most types of armour.
You are amphibious.
You can wear up to eight rings at the same time.
Your skin changes colour to match your surroundings (Stealth+).
Your rubbery body absorbs attacks. (AC +1, EV +1)
((You are camouflaged when in or above water. (Stealth+)))
You have tentacles for arms and can constrict up to eight enemies at once.


Message History

Aiming: Fireball (dangerous; 2% risk of failure)
Press: ? - help, Shift-Dir - straight line You feel a surge of power!
The fireball explodes!
The fireball engulfs the centaur!!
You kill the centaur!
Sif Muna accepts your kill.
You hear a splash. x5
The fireball engulfs the manticore!!
The manticore is heavily wounded.
The fireball engulfs the electric eel!!
You kill the electric eel!
Sif Muna accepts your kill.
The electric eel shoots out a bolt of lightning at you!
The bolt of electricity hits you!
The bolt of electricity hits something!
You block something's attack.
Deactivating autopickup; reactivate with Ctrl-A.
The electric eel shoots out a bolt of lightning at you!
The bolt of electricity misses the water elemental.
The bolt of electricity hits you!
The manticore is engulfed in a cloud of scalding steam.
Casting: Fireball (dangerous; 2% risk of failure)
Confirm with . or Enter, or press ? or * to list all spells.
Aiming: Fireball (dangerous; 2% risk of failure)
Press: ? - help, Shift-Dir - straight line You feel a surge of power!
The fireball explodes!
The fireball engulfs the manticore!!
You kill the manticore!
Sif Muna accepts your kill.
The fireball engulfs the water elemental!!
The water elemental is burned terribly!
The water elemental is severely damaged.
Something hits you.
The electric eel shoots out a bolt of lightning at you!
The bolt of electricity hits you!
The electric eel shoots out a bolt of lightning at you!
The bolt of electricity hits the water elemental.
The water elemental resists.
The bolt of electricity hits you!
* * * LOW HITPOINT WARNING * * *
The water elemental hits you!
You die...

... ..#####.#####
....≈♣#............
....≈≈.........##.#
##♣≈..≈♣♣##.#######.#
####≈≈...S≈♣≈# .........
#≈≈≈§§§...≈≈≈♣ ######..#
♣≈≈≈§§...≈≈≈≈♣ #..#
≈≈≈≈§§§E..≈≈≈♣ #..#
♣≈≈)§≈§@..≈≈♣ ##..#
♣♣≈≈§§§...≈≈≈♣ ####...#
♣≈≈≈≈≈≈....≈≈♣♣##...≈♣.#
♣≈≈≈S≈≈....≈≈♣.>..≈≈≈≈..
#≈≈≈≈≈≈≈..≈≈♣♣.###P≈≈♣≈#
##≈≈≈≈≈...≈≈≈.. ##P≈≈##
#♣≈≈≈≈≈...≈..# #####
♣≈≈≈≈≈.....## ....#


You could see a water elemental and 2 electric eels.

Vanquished Creatures
  An ice dragon (D:11)
  A boulder beetle (D:11)
  A centaur warrior (D:11)
  A two-headed ogre (D:10)
  Pikel (D:6)
  6 cyclopes
  2 orc sorcerers (D:11)
  A manticore (D:11)
  3 centaur zombies
  2 gargoyles
  2 kobold demonologists
  An unseen horror (D:12)
  A tengu conjurer (D:11)
  4 trolls
  Grinder (D:3)
  3 slime creatures (D:8)
  A vampire (D:10)
  5 wraiths
  7 yaks (D:11)
  Menkaure (D:5)
  5 steam dragons
  A vampire mosquito (D:10)
  A basilisk (D:12)
  2 wargs
  A warg (shapeshifter) (D:11)
  3 swamp worms
  2 water moccasins
  3 acid dragons (D:11)
  An ice beast (D:7)
  12 orc warriors
  A black bear (D:7)
  11 ogres
  10 centaurs
  2 lemures
  8 kobold brigands
  2 bullfrogs (D:7)
  2 gnoll sergeants (D:6)
  A wyvern zombie (D:7)
  A scorpion (D:4)
  3 water moccasin zombies (D:4)
  2 water moccasin skeletons
  17 killer bees
  6 wights
  An electric eel (D:11)
  11 howler monkeys
  A bullfrog zombie (D:7)
  4 hounds (D:6)
  3 jellies
  4 gnoll shamans (D:6)
  11 orc priests
  A bullfrog skeleton (D:6)
  2 iguanas
  Ijyb (D:5)
  A human zombie (Ossuary)
  4 scorpion zombies
  15 orc wizards
  A hound zombie (D:4)
  A hound skeleton (D:5)
  3 howler monkey zombies
  3 mummies (Ossuary)
  13 gnolls
  4 adders
  6 shadow imps
  2 white imps
  An ufetubus (D:6)
  An adder zombie (D:5)
  2 adder skeletons
  5 worms
  3 dart slugs
  75 orcs
  A bat (D:3)
  9 endoplasms
  11 giant cockroaches
  7 goblins
  3 hobgoblins
  8 jackals
  39 kobolds
  2 quokkas
  4 ball pythons
  3 frilled lizards
  A goblin zombie (Ossuary)
  3 hobgoblin zombies (Ossuary)
  4 kobold skeletons (D:8)
  15 kobold zombies
  A quokka skeleton (D:4)
  5 rats
437 creatures vanquished.

Vanquished Creatures (collateral kills)
  6 foxfires
6 creatures vanquished.

Vanquished Creatures (others)
  A howler monkey (D:6)
  An orc priest (D:6)
  2 demonic plants (D:1)
  1895 foxfires
  5 fungi (D:5)
  57 plants
1961 creatures vanquished.

Grand Total: 2404 creatures vanquished

Notes
Turn   | Place    | Note
-------+----------+-------------------------------------------
     0 | D:1      | Conn the Octopode Fire Elementalist began the quest for the
                  | Orb.
     0 | D:1      | Reached XP level 1. HP: 11/11 MP: 3/3
     1 | D:1      | Found a runed translucent door.
   228 | D:1      | Found Doquav's Magic Scroll Emporium.
   382 | D:1      | Reached XP level 2. HP: 11/17 MP: 0/5
   900 | D:1      | Found a faded altar of an unknown god.
   900 | D:1      | Noticed a Hell Sentinel
   905 | D:1      | Learned a level 2 spell: Scorch
  1180 | D:1      | Reached XP level 3. HP: 21/21 MP: 0/6
  2044 | D:2      | Reached XP level 4. HP: 27/27 MP: 1/7
  3081 | D:3      | Noticed Grinder
  3105 | D:3      | Reached XP level 5. HP: 28/31 MP: 1/9
  3105 | D:3      | Paralysed by Grinder for 4 turns
  3122 | D:3      | Paralysed by Grinder for 6 turns
  3128 | D:3      | Killed Grinder
  3129 | D:3      | Reached skill level 1 in Polearms
  3129 | D:3      | Reached XP level 6. HP: 35/37 MP: 1/11
  3390 | D:3      | Found a burning altar of Makhleb.
  3390 | D:3      | Found a radiant altar of Vehumet.
  3398 | D:3      | Found a faded altar of an unknown god.
  3400 | D:3      | Found an opulent altar of Gozag.
  3401 | D:3      | Found a faded altar of an unknown god.
  3729 | D:4      | Reached XP level 7. HP: 26/42 MP: 1/12
  4292 | D:4      | Reached skill level 5 in Fire Magic
  4438 | D:4      | Reached skill level 1 in Fighting
  4629 | D:4      | Found an ancient bone altar of Kikubaaqudgha.
  4645 | D:4      | Reached skill level 1 in Short Blades
  4729 | D:4      | Learned a level 3 spell: Inner Flame
  4734 | D:4      | Learned a level 4 spell: Flame Wave
  4738 | D:4      | Learned a level 3 spell: Conjure Flame
  4825 | D:5      | Entered Level 5 of the Dungeon
  4941 | D:5      | Noticed Ijyb
  4944 | D:5      | Noticed a steam dragon
  4946 | D:5      | Killed Ijyb
  4947 | D:5      | Reached XP level 8. HP: 48/48 MP: 8/14
  5157 | D:5      | Reached skill level 5 in Spellcasting
  5260 | D:5      | Noticed Menkaure
  5264 | D:5      | Killed Menkaure
  6267 | D:6      | Noticed Pikel
  6725 | D:6      | Reached XP level 9. HP: 54/54 MP: 10/17
  6957 | D:6      | Reached skill level 5 in Conjurations
  7551 | D:6      | Reached skill level 5 in Stealth
  7675 | D:6      | Noticed a troll
  7689 | D:6      | Killed a troll
  7710 | D:6      | Killed Pikel
  7711 | D:6      | Reached XP level 10. HP: 60/60 MP: 0/21
  9001 | D:6      | Found a shadowy altar of Dithmenos.
  9063 | D:6      | Found a staircase to the Ecumenical Temple.
  9072 | Temple   | Entered the Ecumenical Temple
  9101 | Temple   | Became a worshipper of Sif Muna the Loreminder
  9942 | D:7      | Found a hazy altar of Hepliaklqana.
 10158 | D:7      | Found a stormy altar of Qazlal.
 10182 | D:7      | Reached skill level 1 in Shields
 10635 | D:8      | Reached * piety under Sif Muna
 10667 | D:8      | Reached XP level 11. HP: 12/65 MP: 4/23
 10740 | D:8      | Reached skill level 1 in Hexes
 10893 | D:8      | Reached ** piety under Sif Muna
 10964 | D:8      | Found a sand-covered staircase.
 10977 | Ossuary  | Entered an ossuary
 11114 | Ossuary  | Learned a level 4 spell: Dispel Undead
 11513 | Ossuary  | Reached skill level 1 in Invocations
 11667 | D:8      | Found Unaaphe's Jewellery Shoppe.
 11672 | D:8      | Bought a ring of magical power for 280 gold pieces
 11746 | D:8      | Found Targhe Ewne's Magic Scroll Shop.
 11757 | D:8      | Bought a scroll of fear for 52 gold pieces
 11809 | D:8      | Reached skill level 1 in Necromancy
 11964 | D:8      | Found an iron altar of Okawaru.
 12116 | D:8      | Reached *** piety under Sif Muna
 12304 | D:8      | Found an ancient bone altar of Kikubaaqudgha.
 12444 | D:8      | Found an ornate altar of the Wu Jian Council.
 12480 | D:8      | Found Heaskidgh's Magic Scroll Boutique.
 12488 | D:8      | Bought a scroll of summoning for 123 gold pieces
 12496 | D:8      | Identified a scroll of acquirement
 12501 | D:8      | Acquired a +2 hat of willpower
 13420 | D:10     | Entered Level 10 of the Dungeon
 13694 | D:10     | Found Nixiuzias's Distillery.
 13705 | D:10     | Bought a potion of curing for 39 gold pieces
 13705 | D:10     | Bought a potion of lignification for 39 gold pieces
 13855 | D:10     | Noticed a two-headed ogre
 13877 | D:10     | Killed a two-headed ogre
 14367 | D:9      | Found a blossoming altar of Fedhas.
 14426 | D:9      | Reached **** piety under Sif Muna
 15537 | D:11     | Noticed a cyclops
 15672 | D:11     | Noticed a boulder beetle
 15674 | D:11     | Noticed an orc sorcerer
 15677 | D:11     | Killed a cyclops
 15684 | D:11     | Killed an orc sorcerer
 15927 | D:11     | Reached skill level 10 in Fire Magic
 15931 | D:11     | Reached XP level 12. HP: 44/72 MP: 16/25
 15935 | D:11     | Noticed a soul eater
 16067 | D:11     | Reached skill level 10 in Spellcasting
 16277 | D:11     | Killed a boulder beetle
 16507 | D:11     | Noticed a fire dragon
 16536 | D:11     | Noticed a centaur warrior
 16748 | D:12     | Reached ***** piety under Sif Muna
 16977 | D:12     | Noticed a boulder beetle
 17289 | D:12     | Found a staircase to the Orcish Mines.
 17318 | D:12     | Received a gift from Sif Muna
 17351 | D:12     | Learned a level 5 spell: Fireball
 17357 | D:12     | Learned a level 5 spell: Iskenderun's Battlesphere
 17488 | D:11     | Reached skill level 5 in Invocations
 17497 | D:11     | Noticed an ice dragon
 17500 | D:11     | Killed an ice dragon
 17611 | D:11     | Killed a centaur warrior
 17612 | D:11     | Reached skill level 5 in Shields
 17980 | D:11     | Slain by a water elemental

Illustrated notes

Levels and vault maps discovered:
D:1:      dpeg_arrival_caged_fury, layout_basic, serial_shops,
          nicolae_shop_crystal, dreamdust_ecumenical_altar_sealed_demon
D:2:      layout_loops_cross
D:3:      layout_rooms, chequers_temple_overflow_minitemple, uniq_grinder
D:4:      layout_basic, lemuel_tele_altar, serial_undead, serial_undead_b,
          serial_undead_d, serial_undead_b, serial_undead_d
D:5:      kennysheep_steamy, layout_cave_pods, uniq_menkaure, uniq_ijyb
D:6:      lemuel_castle_with_subvaults [lemuel_castle_interior_original],
          layout_rooms, grunt_dithmenos_shadows, lemuel_temple_firewalk_b,
          uniq_pikel
D:7:      layout_basic, mainiacjoe_overflow_concentric_impassable,
          amcnicky_altar_gilded, grunt_ministairs_13
D:8:      wander_kiku_kobolds, layout_basic,
          nicolae_wu_jian_immortal_techniques, okawaru_trees_1,
          lightli_ossuary_entry_decrepit_ruins, serial_shops, shop,
          nicolae_shop_crystal, nicolae_shop_hallway_plus
D:9:      layout_cave_pools, mainiacjoe_overflow_alcove_2, special_room
          [special_room_orc], hex_medium
D:10:     cheibrodos_steamvent, layout_loops_ring, special_room
          [special_room_orc], serial_shops, kennysheep_mini_moat
D:11:     minmay_the_grid_4x2 [minmay_the_grid_dragon_a,
          minmay_the_grid_tri_star, minmay_the_grid_eight,
          minmay_the_grid_plusring, minmay_the_grid_spin_star,
          minmay_the_grid_tree, minmay_the_grid_embedded,
          minmay_the_grid_prize_four_corners_diamond_a], layout_loops_ring,
          david_lair_shrubbed, serial_bayou, serial_bayou_pond_c,
          serial_bayou_pond_a, serial_bayou_pond_e, serial_bayou_pond_d,
          serial_bayou_ford_a, worms_lemuel
D:12:     layout_basic, david_orc_3, nicolae_concentric_dashed_squares_wild
Temple:   nicolae_temple_hex_pool

Skill      XL: |  1  2  3  4  5  6  7  8  9 10 11 12 |
---------------+-------------------------------------+-----
Stealth        | 3 4 5 6 |  6.0
Conjurations   | 2 3 4 6 8 9 |  9.6
Fire Magic     | 4 5 6 8 9 10 | 10.7
Polearms       | 1 2 |  2.3
Spellcasting   | 3 4 5 7 8 9 10 | 10.6
Fighting       | 1 2 |  2.7
Short Blades   | 1 2 |  2.7
Shields        | 2 3 5 |  5.0
Hexes          | 1 2 |  2.1
Invocations    | 3 5 |  5.5
Necromancy     | 3 4 |  4.4
Dodging        | 3 |  3.4
Unarmed Combat | |  0.5

Action                   |  1- 3 |  4- 6 |  7- 9 | 10-12 || total
-------------------------+-------+-------+-------+-------++-------
Melee: Unarmed           |     7 |       |       |       ||     7
       Constrict         |    10 |    10 |     4 |    16 ||    40
       Tentacles         |     4 |     5 |     4 |    22 ||    35
       Dagger            |    31 |    10 |       |       ||    41
       Spear             |       |    35 |       |       ||    35
       Short sword       |       |     8 |    20 |    86 ||   114
 Cast: Foxfire           |    56 |    55 |   272 |   717 ||  1100
       Scorch            |     2 |     5 |       |    67 ||    74
       Inner Flame       |       |       |     6 |    42 ||    48
       Flame Wave        |       |       |     1 |    18 ||    19
       Conjure Flame     |       |       |       |     9 ||     9
       Fireball          |       |       |       |    10 ||    10
       Iskenderun's Batt |       |       |       |     2 ||     2
  Use: Potion            |       |     1 |       |     4 ||     5
       Scroll            |       |       |       |    23 ||    23
 Stab: Sleeping          |     1 |     6 |       |     8 ||    15
Armor: Skin              |     3 |     9 |     1 |    23 ||    36
Dodge: Dodged            |    25 |    33 |    16 |   115 ||   189
Block: Kite shield       |       |       |       |    69 ||    69

Table legend: (Time is in decaauts)
 A = Elapsed time spent in this place.
 B = Non-inter-level travel time spent in this place.
 C = Inter-level travel time spent in this place.
 D = Time resting spent in this place.
 E = Time spent auto-exploring this place.
 F = Levels seen in this place.
 G = Mean time per level.
                   A        B        C        D        E       F      G
               +--------+--------+--------+--------+--------+-----+--------+
         Total |  17982 |  17597 |    385 |    967 |  12135 |  14 | 1284.4 |
       Dungeon |  17292 |  16930 |    362 |    836 |  11799 |  12 | 1441.0 |
        Temple |     52 |     29 |     23 |      0 |     18 |   1 |   52.0 |
       Ossuary |    637 |    637 |      0 |    131 |    318 |   1 |  637.0 |
               +--------+--------+--------+--------+--------+-----+--------+

Top non-repeatable levels by time:
     D:6: 2730 daAuts
     D:8: 1924 daAuts
     D:5: 1800 daAuts
    D:10: 1460 daAuts
     D:1: 1456 daAuts
     D:2: 1446 daAuts
    D:11: 1382 daAuts
     D:4: 1353 daAuts
     D:9: 1297 daAuts
     D:7: 974 daAuts
    D:12: 902 daAuts
 Ossuary: 637 daAuts
     D:3: 563 daAuts
  Temple: 52 daAuts
